 Dungeon Crawl Stone Soup version 0.22-a0-93-g6b88ebb (webtiles) character file.

65 stupendous the Shield-Bearer (level 4, -1/37 HPs)
             Began as a Formicid Fighter on Jan 25, 2018.
             Killed from afar by an orc wizard (12 damage)
             ... with a puff of flame
             ... on level 2 of the Dungeon.
             The game lasted 00:05:49 (1163 turns).

stupendous the Shield-Bearer (Formicid Fighter)     Turns: 1163, Time: 00:05:50

Health: -1/37      AC:  9    Str: 20    XL:     4   Next: 34%
Magic:  13/13      EV:  6    Int:  8    God:
Gold:   109        SH:  9    Dex: 11    Spells: 3/3 levels left

rFire    . . .     SeeInvis +   a - +0 long sword
rCold    . . .     Gourm    .   c - +0 shield
rNeg     . . .     Faith    .   j - +0 chain mail
rPois    .         Spirit   .   (helmet unavailable)
rElec    .         Reflect  .   (no cloak)
rCorr    .         Harm     .   (no gloves)
MR       .....                  (no boots)
Stlth    ..........             (no amulet)
HPRegen  0.12/turn              o - ring of magical power
MPRegen  0.13/turn              (no ring)

@: no status effects
A: permanent stasis, dig shafts and tunnels, four strong arms, antennae 3
a: Dig, Shaft Self


You were on level 2 of the Dungeon.
You were not hungry.

You visited 1 branch of the dungeon, and saw 2 of its levels.

You collected 109 gold pieces.

Inventory:

Hand Weapons
 a - a +0 long sword (weapon)
Armour
 c - a +0 shield (worn)
 j - a +0 chain mail (worn)
Jewellery
 o - a ring of magical power (left hand)
Scrolls
 e - 3 scrolls of identify {unknown}
 g - 2 scrolls of remove curse {unknown}
 k - 2 scrolls of teleportation {unknown}
 l - a scroll of amnesia {unknown}
Potions
 d - a potion of might
 h - a potion of agility {unknown}
 i - a potion of mutation {unknown}
 m - 2 potions of lignification {unknown}
Comestibles
 f - a ration
 n - 4 chunks of flesh


   Skills:
 + Level 3.6 Fighting
 + Level 3.1 Long Blades
 + Level 3.8 Armour
 + Level 0.1 Dodging
 + Level 4.1 Shields


You had 3 spell levels left.
You didn't know any spells.

Dungeon Overview and Level Annotations

Branches:
Dungeon (2/15)

Altars:
Nemelex Xobeh
Zin


Innate Abilities, Weirdness & Mutations

You cannot be hasted, slowed, berserked, paralysed or teleported.
You can dig through walls and to a lower floor.
Your four strong arms can wield two-handed weapons with a shield.
You have a pair of large antennae on your head. (SInv)


Message History

The orc wizard is almost dead.
You feel sick.
You are no longer poisoned.
The orc wizard hits you with a dagger.
* * * LOW HITPOINT WARNING * * *
Your chain mail prevents you from hitting the orc wizard.
The orc wizard is almost dead.
The orc wizard hits you but does no damage.
You miss the orc wizard.
The orc wizard is almost dead.
You block the orc wizard's attack.
The orc wizard hits you but does no damage.
You closely miss the orc wizard.
The orc wizard is almost dead.
The orc wizard hits you but does no damage.
You closely miss the orc wizard.
The orc wizard is almost dead.
The orc wizard points at you and mumbles some strange words.
The puff of flame hits you!
You die...

#..# ##..## # #####.##
##..## .#
...##.#########..######.##..
##..........>...............
####.#########...<.....#.._
#.# ###.......# #.#
#(.....## ..# ##o?......#
.## #@####...... .# . ###
##.... . #### .. ..# ..# {
#..## #....# ...#


You could see an orc wizard (invisible).

Vanquished Creatures
  An adder (D:2)
  2 worms (D:2)
  A dart slug (D:1)
  2 leopard geckos (D:2)
  7 bats
  2 giant cockroaches
  3 goblins
  8 hobgoblins
  A jackal (D:2)
  4 kobolds (D:1)
  2 quokkas (D:2)
  6 frilled lizards
  7 rats
46 creatures vanquished.

Notes
Turn   | Place    | Note
-------+----------+-------------------------------------------
     0 | D:1      | stupendous the Formicid Fighter began the quest for the Orb.
     0 | D:1      | Reached XP level 1. HP: 18/18 MP: 1/1
   202 | D:1      | Reached XP level 2. HP: 23/24 MP: 2/2
   255 | D:1      | Found a sparkling altar of Nemelex Xobeh.
   415 | D:1      | Reached XP level 3. HP: 29/29 MP: 3/3
   552 | D:1      | Reached skill level 4 in Shields
  1033 | D:2      | Reached XP level 4. HP: 36/36 MP: 4/4
  1128 | D:2      | Found a glowing silver altar of Zin.
  1163 | D:2      | Killed from afar by an orc wizard

Vault maps used:
D:1:      eino_arrival_water_cross, nemelex_diamond_rough_becter
D:2:      chequers_temple_overflow_statue_of_worship, minmay_hexomino_r4

Skill      XL: |  1  2  3  4 |
---------------+-------------+-----
Shields        | 4 |  4.1
Long Blades    | 3 |  3.1
Fighting       | |  3.6
Armour         | |  3.8
Dodging        | |  0.1

Action                   |  1- 3 |  4- 6 || total
-------------------------+-------+-------++-------
Melee: Long sword        |   104 |    43 ||   147
 Abil: Dig               |       |     1 ||     1
  Eat: Chunk             |     1 |       ||     1
Armor: Scale mail        |    44 |       ||    44
       Chain mail        |       |    21 ||    21
Dodge: Dodged            |    35 |    15 ||    50
Block: Shield            |    63 |    17 ||    80
       Rpst.: Long sword |    17 |     2 ||    19

Table legend:
 A = Spawn XP
 B = Non-spawn XP
 C = Spawn XP percentage of total XP
 D = Spawn monster count
 E = Non-spawn monster count
 F = Spawn count percentage of total count
 G = Total turns spent on level
                    A         B        C        D         E        F      G
               +---------+---------+-------+---------+---------+-------+---------
         Total |       0 |      93 |   0.0 |       0 |      46 |   0.0 |  1163
               +---------+---------+-------+---------+---------+-------+---------
           D:1 |       0 |      42 |   0.0 |       0 |      26 |   0.0 |   598
           D:2 |       0 |      51 |   0.0 |       0 |      20 |   0.0 |   565
               +---------+---------+-------+---------+---------+-------+---------
